 Dungeon Crawl Stone Soup version 0.30-a0-29-g142975f185 (webtiles) character file.

Game seed: 15297376615594720044

22753 Flugkiller the Severer (level 12, -1/107 HPs)
             Began as a Minotaur Fighter on Aug 25, 2022.
             Was a High Priest of Okawaru.
             Slain by a cane toad (10 damage)
             ... on level 1 of the Lair of Beasts.
             The game lasted 00:08:32 (8629 turns).

Flugkiller the Severer (Minotaur Fighter)           Turns: 8629, Time: 00:08:33

Health: -1/107     AC: 26    Str: 21    XL:     12   Next: 65%
Magic:  3/5        EV:  9    Int:  5    God:    Okawaru [*****.]
Gold:   796        SH:  6    Dex: 15    Spells: 11/11 levels left

rFire   . . .      SeeInvis +    I - +2 war axe (antimagic)
rCold   + . .      Faith    .    w - +0 buckler
rNeg    . . .      Spirit   .    F - +0 plate armour
rPois   .          Reflect  .    (helmet restricted)
rElec   .          Harm     .    u - +0 cloak
rCorr   .          Rampage  .    x - +2 pair of gloves
Will    .....                    f - +2 pair of boots
Stlth   ..........               k - amulet of regeneration
HPRegen 1.07/turn                c - ring of protection from cold
MPRegen 0.09/turn                i - ring of see invisible

@: heroic
A: horns 2, retaliatory headbutt
a: Renounce Religion, Heroism, Finesse, Duel


You were on level 1 of the Lair of Beasts.
You worshipped Okawaru.
Okawaru was extremely pleased with you.
You visited 3 branches of the dungeon, and saw 13 of its levels.
You also visited: Bailey.

You collected 840 gold pieces.
You spent 44 gold pieces at shops.

Inventory:

Hand Weapons
 a - a +0 war axe
 s - a +0 battleaxe
   (You found it on level 5 of the Dungeon)
 I - a +2 antimagic war axe (weapon)
   (You took it off an orc on level 8 of the Dungeon)
Missiles
 H - 3 silver javelins (quivered)
Armour
 b - a +0 scale mail
 f - a +2 pair of boots (worn)
   (You found it on level 3 of the Dungeon)
 u - a +0 cloak (worn)
   (You found it on level 3 of the Dungeon)
 w - a +0 buckler (worn)
 x - a +2 pair of gloves (worn)
   (You found it on level 5 of the Dungeon)
 F - a +0 plate armour (worn)
   (You took it off an orc warrior in a bailey)
Jewellery
 c - a ring of protection from cold (left hand)
   (You found it on level 4 of the Dungeon)
 i - a ring of see invisible (right hand)
   (You found it on level 5 of the Dungeon)
 k - an amulet of regeneration (around neck)
   (You found it on level 1 of the Dungeon)
 D - an amulet of the acrobat
   (You found it on level 7 of the Dungeon)
Wands
 o - a wand of mindburst (9)
   (You found it on level 5 of the Dungeon)
Scrolls
 g - 3 scrolls of fear
 l - a scroll of magic mapping
 m - a scroll of immolation
 r - a scroll of brand weapon {unknown}
 t - 5 scrolls of teleportation
 z - a scroll of blinking
 A - 2 scrolls of fog
 C - 5 scrolls of enchant weapon
 G - a scroll of enchant armour
 J - a scroll of amnesia {unknown}
Potions
 d - 2 potions of might
 e - a potion of berserk rage
 h - 2 potions of haste
 j - 4 potions of attraction {unknown}
 n - 3 potions of resistance
 p - a potion of mutation {unknown}
 q - 2 potions of curing
 v - 3 potions of degeneration {unknown}
 y - a potion of magic {unknown}
 B - a potion of lignification {unknown}
 E - 2 potions of invisibility {unknown}


   Skills:
 + Level 10.5(15.5) Fighting
 * Level 17.7(22.7) Axes
 + Level 10.5(15.5) Armour
 - Level 3.6(8.6) Shields
 + Level 8.0 Invocations
 - Level 6.0 Evocations


You had 11 spell levels left.
You didn't know any spells.
Your spell library was empty.

Dungeon Overview and Level Annotations

Branches:
Dungeon (11/15)            Temple (1/1) D:5            Lair (1/5) D:10
    Orc (0/2) D:11         Bailey (visited)

Altars:
Ashenzari
Cheibriados
Dithmenos
Elyvilon
Fedhas
Gozag
Hepliaklqana
Kikubaaqudgha
Makhleb
Nemelex Xobeh
Okawaru
Qazlal
Ru
Sif Muna
Trog
Uskayaw
Vehumet
Wu Jian
Xom
Yredelemnul
Zin
The Shining One

Shops:
D:6 ?   D:9 *

Annotations:
D:3 2 runed translucent doors, RNPValinor's ghost, amateur PaFi


Innate Abilities, Weirdness & Mutations

You have a pair of horns on your head.
You reflexively headbutt those who attack you in melee.


Message History

You see here a wolf corpse.
Found a barding.
Found an escape hatch in the floor.
J - a scroll labelled MUISKI LUFAR
Found a stone staircase leading down.
A komodo dragon comes into view.
Found 4 stones and 26 gold pieces.
A komodo dragon is nearby!
A komodo dragon is nearby!
A six-headed hydra comes into view.
The six-headed hydra roars!
A cane toad comes into view.
The cane toad croaks.
The komodo dragon bites you but does no damage.
The six-headed hydra bites you but does no damage. x3
The six-headed hydra bites you.
The six-headed hydra bites you but does no damage.
The six-headed hydra bites you.
You hack one of the six-headed hydra's heads off!
The five-headed hydra grows two more!
You slash the seven-headed hydra! You headbutt the seven-headed hydra!
The seven-headed hydra is moderately wounded.
You barely miss the komodo dragon. You block the komodo dragon's attack.
The seven-headed hydra completely misses you.
You furiously retaliate!
You headbutt the seven-headed hydra!
The seven-headed hydra bites you but does no damage.
The seven-headed hydra barely misses you.
The seven-headed hydra bites you but does no damage. x2
The seven-headed hydra bites you!
The seven-headed hydra bites you but does no damage.
You slice one of the seven-headed hydra's heads off!
The six-headed hydra grows two more!
You hit the eight-headed hydra.
The eight-headed hydra is moderately wounded.
You barely miss the komodo dragon. The komodo dragon bites you!!
You hack one of the eight-headed hydra's heads off!
The seven-headed hydra grows two more!
You slice the nine-headed hydra!!
The nine-headed hydra is heavily wounded.
You slash the komodo dragon!
The nine-headed hydra bites you but does no damage.
The nine-headed hydra barely misses you.
The nine-headed hydra closely misses you.
The nine-headed hydra completely misses you.
The nine-headed hydra bites you but does no damage. x4
The nine-headed hydra barely misses you.
You hack one of the nine-headed hydra's heads off!
The eight-headed hydra grows two more!
You slash the ten-headed hydra!
The ten-headed hydra is heavily wounded.
You barely miss the komodo dragon.
The komodo dragon completely misses you.
The ten-headed hydra closely misses you.
The ten-headed hydra bites you but does no damage. x3
The ten-headed hydra bites you! The ten-headed hydra bites you. x2
The ten-headed hydra bites you but does no damage.
The ten-headed hydra completely misses you.
The ten-headed hydra bites you but does no damage.
You slice one of the ten-headed hydra's heads off!
The nine-headed hydra grows two more!
You hit the 11-headed hydra. You headbutt the 11-headed hydra!
The 11-headed hydra is heavily wounded.
You slice the komodo dragon!! You hit the cane toad. The cane toad stings you!
You are poisoned.
The cane toad poisons you! You block the komodo dragon's attack.
The 11-headed hydra bites you but does no damage.
The 11-headed hydra bites you! The 11-headed hydra bites you.
The 11-headed hydra barely misses you. x2
The 11-headed hydra bites you but does no damage.
The 11-headed hydra barely misses you.
The 11-headed hydra bites you but does no damage.
The 11-headed hydra barely misses you. You block the 11-headed hydra's attack.
The 11-headed hydra bites you!
You are too injured to fight recklessly!
The cane toad attacks as you move away! The cane toad stings you!
* * * LOW HITPOINT WARNING * * *
You are more poisoned.
The cane toad poisons you!
* * * LOW HITPOINT WARNING * * *
You feel extremely sick.
* * * LOW HITPOINT WARNING * * *
You feel very sick.
As you read the scroll of fear, it crumbles to dust.
You assume a fearsome visage.
The komodo dragon looks frightened!
The 11-headed hydra looks frightened!
The cane toad looks frightened!
You feel very sick.
Cornered, the cane toad turns to fight!
Unknown command.
You feel better.
The cane toad stings you but does no damage.
You gain the combat prowess of a mighty hero.
The cane toad barely misses you. You block the cane toad's attack.
You slice the cane toad!!
The cane toad is heavily wounded.
You hit the cane toad.
You headbutt the cane toad, but do no damage.
The cane toad is severely wounded.
The cane toad stings you!
* * * LOW HITPOINT WARNING * * *
You barely miss the cane toad.
The cane toad is severely wounded.
The cane toad stings you!
You die...

. #.#..#...... #...
.. #.....#......
#...
...#.......$....
##...
...D............
###....
#.....>........
###..#...
...............
.........
..###..##.#
#.......
#......F..#
#.......
###.####@.##
#....... #
##...#### #...+..#
#....##.####..#>...
##............#....
#............#....
#.............###.
#.................
#.................
...................


You could see a 11-headed hydra (fleeing) and a cane toad.

Vanquished Creatures
  Fannar (Lair:1)
  4 two-headed ogres
  2 tengu warriors (D:11)
  Pikel (D:6)
  3 orc knights (Bailey)
  Maurice (D:9)
  A gargoyle (D:11)
  A black mamba (Lair:1)
  A cane toad (Lair:1)
  A rime drake (Lair:1)
  5 blink frogs (Lair:1)
  A shadow (D:10)
  A wyvern (D:8)
  A basilisk (Lair:1)
  18 yaks
  4 vampire mosquitoes (D:11)
  A steam dragon (D:10)
  An acid dragon (D:10)
  4 water moccasins
  14 orc warriors
  An ice beast (D:4)
  A sky beast (D:7)
  A black bear (D:7)
  7 ogres
  3 wolves (Lair:1)
  4 centaurs
  2 kobold brigands
  2 bullfrogs
  Blork the orc (D:6)
  2 necrophages
  4 scorpions
  4 wights (D:8)
  18 killer bees
  6 howler monkeys
  A jelly (D:8)
  A gnoll bouda (D:8)
  2 hounds
  7 orc priests
  2 iguanas
  7 orc wizards
  10 gnolls
  8 adders
  A shadow imp (D:7)
  2 ufetubi
  3 worms
  3 dart slugs
  64 orcs
  5 ball pythons
  4 endoplasms
  5 giant cockroaches
  5 goblins
  3 hobgoblins (D:2)
  6 jackals (D:3)
  23 kobolds
  3 bats
  10 frilled lizards
  6 rats
303 creatures vanquished.

Vanquished Creatures (others)
  3 fungi (Lair:1)
  6 plants
9 creatures vanquished.

Grand Total: 312 creatures vanquished

Notes
Turn   | Place    | Note
-------+----------+-------------------------------------------
     0 | D:1      | Flugkiller the Minotaur Fighter began the quest for the
                  | Orb.
     0 | D:1      | Reached XP level 1. HP: 19/19 MP: 0/0
   173 | D:1      | Reached XP level 2. HP: 26/27 MP: 1/1
   175 | D:1      | Reached skill level 3 in Axes
   523 | D:2      | Reached XP level 3. HP: 33/33 MP: 2/2
   798 | D:2      | Reached skill level 4 in Axes
   939 | D:3      | Reached XP level 4. HP: 41/41 MP: 3/3
  1347 | D:3      | Found a faded altar of an unknown god.
  1400 | D:3      | Found a runed translucent door.
  1405 | D:3      | Noticed RNPValinor's ghost (amateur PaFi)
  1548 | D:3      | Reached XP level 5. HP: 45/47 MP: 4/4
  1690 | D:3      | Found a runed translucent door.
  1859 | D:4      | Noticed an ogre
  1871 | D:4      | Killed an ogre
  1872 | D:4      | Reached skill level 5 in Fighting
  1872 | D:4      | Reached skill level 5 in Axes
  1872 | D:4      | Reached skill level 5 in Armour
  1971 | D:4      | Reached XP level 6. HP: 56/56 MP: 5/5
  2059 | D:4      | Reached skill level 6 in Axes
  2228 | D:4      | Noticed an ice beast
  2238 | D:4      | Killed an ice beast
  2239 | D:4      | Reached XP level 7. HP: 62/62 MP: 6/6
  2382 | D:4      | Reached skill level 7 in Axes
  2401 | D:5      | Entered Level 5 of the Dungeon
  2403 | D:4      | Identified the +3 scale mail "Zapnodos" {Str+2}
  2612 | D:5      | Found a staircase to the Ecumenical Temple.
  2681 | D:5      | Reached skill level 8 in Axes
  2718 | Temple   | Entered the Ecumenical Temple
  2740 | Temple   | Became a worshipper of Warmaster Okawaru
  2838 | D:5      | Found a broken altar of Ashenzari.
  2842 | D:5      | Found a hide-covered altar of Uskayaw.
  2842 | D:5      | Found a blossoming altar of Fedhas.
  2842 | D:5      | Found a hazy altar of Hepliaklqana.
  2847 | D:5      | Found a radiant altar of Vehumet.
  2847 | D:5      | Found a snail-covered altar of Cheibriados.
  2848 | D:5      | Found a stormy altar of Qazlal.
  2860 | D:5      | Identified the +4 robe of the Sparrow {rCorr Int+4}
  2894 | D:5      | Reached skill level 1 in Invocations
  2894 | D:5      | Reached skill level 1 in Evocations
  2894 | D:5      | Reached XP level 8. HP: 71/71 MP: 7/7
  3211 | D:6      | Reached * piety under Okawaru
  3282 | D:6      | Noticed Pikel
  3307 | D:6      | Killed Pikel
  3307 | D:6      | Reached ** piety under Okawaru
  3308 | D:6      | Reached skill level 5 in Evocations
  3596 | D:6      | Noticed Blork the orc
  3604 | D:6      | Killed Blork the orc
  3605 | D:6      | Reached XP level 9. HP: 77/78 MP: 11/11
  3721 | D:6      | Found Gufaw's Magic Scroll Shop.
  3726 | D:6      | Bought a scroll of fog for 44 gold pieces
  4146 | D:7      | Found a flagged portal.
  4158 | Bailey   | Entered a bailey
  4370 | Bailey   | Noticed an orc knight
  4417 | Bailey   | Killed an orc knight
  4417 | Bailey   | Reached *** piety under Okawaru
  4418 | Bailey   | Reached skill level 9 in Axes
  4481 | Bailey   | Noticed an orc knight
  4484 | Bailey   | Noticed an orc knight
  4485 | Bailey   | Killed an orc knight
  4486 | Bailey   | Reached skill level 5 in Invocations
  4510 | Bailey   | Killed an orc knight
  4511 | Bailey   | Reached skill level 10 in Axes
  4511 | Bailey   | Reached XP level 10. HP: 88/88 MP: 11/13
  4680 | Bailey   | fuck off
  4982 | D:8      | You fall into a shaft and drop 1 floor!
  5229 | D:8      | Reached **** piety under Okawaru
  5237 | D:8      | Reached skill level 15 in Axes
  5237 | D:8      | Reached XP level 11. HP: 25/94 MP: 14/14
  6160 | D:9      | Reached ***** piety under Okawaru
  6366 | D:9      | Noticed Maurice
  6397 | D:9      | Killed Maurice
  6397 | D:9      | Received a gift from Okawaru
  6398 | D:9      | Reached skill level 16 in Axes
  6528 | D:9      | Found Xuyl's General Store.
  6652 | D:9      | Identified the +5 ring mail of Dyspraxia {Fly}
  6826 | D:10     | Entered Level 10 of the Dungeon
  6826 | D:10     | Noticed a two-headed ogre
  6832 | D:10     | Killed a two-headed ogre
  6971 | D:10     | Found a staircase to the Lair.
  7076 | D:10     | Noticed a two-headed ogre
  7088 | D:10     | Killed a two-headed ogre
  7088 | D:10     | Identified the +7 lajatang of Okawaru {drain, Int+4}
                  | (Okawaru gifted it to you on level 10 of the Dungeon)
  7088 | D:10     | Received a gift from Okawaru
  7415 | D:11     | Found a staircase to the Orcish Mines.
  7437 | D:11     | Noticed a two-headed ogre
  7446 | D:11     | Killed a two-headed ogre
  7447 | D:11     | Reached XP level 12. HP: 91/105 MP: 5/16
  7518 | D:11     | Noticed a tengu warrior
  7523 | D:11     | Noticed a tengu warrior
  7526 | D:11     | Noticed a two-headed ogre
  7537 | D:11     | Killed a tengu warrior
  7799 | D:11     | Killed a tengu warrior
  7800 | D:11     | Reached skill level 17 in Axes
  7807 | D:11     | Killed a two-headed ogre
  8140 | Lair:1   | Entered Level 1 of the Lair of Beasts
  8167 | Lair:1   | Reached skill level 10 in Armour
  8183 | Lair:1   | Reached skill level 10 in Fighting
  8221 | Lair:1   | Received a gift from Okawaru
  8333 | Lair:1   | Noticed Fannar
  8354 | Lair:1   | Killed Fannar
  8410 | Lair:1   | Found a glowing silver altar of Zin.
  8614 | Lair:1   | Noticed a six-headed hydra
  8629 | Lair:1   | Slain by a cane toad

Illustrated notes

#######
##..∩..##
#.......#
#..?.@..#
#..?.?..#
#.......#
#.......#
#.......#
#.......#
#.......#
#.......#
#.......#


Turn 4680 on Bailey: fuck off

Levels and vault maps discovered:
D:1:      nzn_arrival_depleted_hourglass, layout_rooms
D:2:      layout_basic
D:3:      layout_loops_corners, dreamdust_ecumenical_altar_angels_and_demons,
          ebering_ghost_sewer_f, solitary_fountain
D:4:      layout_basic
D:5:      layout_gridville, grunt_temple_overflow_open,
          ashenzari_conservatory_becter, minmay_temple_entry_grid
D:6:      layout_loops_cross, serial_shops, kennysheep_little_box,
          uniq_blork_the_orc, uniq_pikel
D:7:      layout_gridville, enter_bailey_2, amethyst_killhole
D:8:      layout_rooms
D:9:      layout_roguey [special_room_orc], serial_shops,
          nicolae_lakefront_shop, lemuel_flame_loot_1, uniq_maurice
D:10:     layout_rooms, dpeg_oklobed_lair
D:11:     layout_loops_ring, orc_0_dummy
Temple:   hellmonk_temple_two_chambers
Lair:1:   layout_chaotic_city, basic_altar, st_stairs_3, uniq_fannar

Skill      XL: |  1  2  3  4  5  6  7  8  9 10 11 12 |
---------------+-------------------------------------+-----
Axes           | 3 4 5 6 8 10 15 16 17 | 17.7
Fighting       | 4 5 6 7 8 9 10 | 10.5
Armour         | 4 5 6 7 8 9 10 | 10.5
Invocations    | 1 4 5 7 8 |  8.0
Evocations     | 1 5 6 |  6.0
Shields        | |  3.6

Action                   |  1- 3 |  4- 6 |  7- 9 | 10-12 || total
-------------------------+-------+-------+-------+-------++-------
Melee: War axe           |    77 |   112 |   243 |   514 ||   946
       Headbutt          |    10 |    21 |    49 |   102 ||   182
Invok: Heroism           |       |       |       |     7 ||     7
Evoke: Wand              |       |     6 |    12 |     4 ||    22
  Use: Potion            |     1 |       |     2 |     4 ||     7
       Scroll            |       |     4 |     8 |     7 ||    19
Armor: Scale mail        |    41 |    48 |   111 |     1 ||   201
       Plate armour      |       |       |       |   324 ||   324
Dodge: Dodged            |    43 |    37 |   124 |   156 ||   360
Block: Buckler           |    18 |    19 |    67 |   133 ||   237

Table legend: (Time is in decaauts)
 A = Elapsed time spent in this place.
 B = Non-inter-level travel time spent in this place.
 C = Inter-level travel time spent in this place.
 D = Time resting spent in this place.
 E = Time spent auto-exploring this place.
 F = Levels seen in this place.
 G = Mean time per level.
                   A        B        C        D        E       F      G
               +--------+--------+--------+--------+--------+-----+--------+
         Total |   8587 |   8314 |    273 |    570 |   5648 |  14 |  613.4 |
       Dungeon |   7505 |   7245 |    260 |    478 |   5109 |  11 |  682.3 |
        Temple |     28 |     15 |     13 |      0 |     10 |   1 |   28.0 |
          Lair |    465 |    465 |      0 |      3 |    344 |   1 |  465.0 |
        Bailey |    588 |    588 |      0 |     89 |    185 |   1 |  588.0 |
               +--------+--------+--------+--------+--------+-----+--------+

Top non-repeatable levels by time:
     D:9: 1061 daAuts
     D:3: 947 daAuts
     D:4: 764 daAuts
     D:6: 730 daAuts
    D:11: 711 daAuts
     D:7: 653 daAuts
     D:8: 633 daAuts
  Bailey: 588 daAuts
    D:10: 566 daAuts
     D:5: 524 daAuts
  Lair:1: 465 daAuts
     D:2: 461 daAuts
     D:1: 450 daAuts
  Temple: 28 daAuts
